cohdb
Replays
Latest Replays
All Replays
Popular Replays
Top Player Replays
Match Explorer
How It Works
Community
CoH3 Stats
Reddit
Sign in to upload your games and track your stats! →
Sign in with Steam
Match 43422959
Unlisted
Match 43422959
Overview
Messages
Build Orders
End
Kradschützen Motorcycle Team
250 Light Carrier
Panzergrenadier Squad
Construct Light Support Kompanie
Assault Grenadier Squad
Fire Support Elements
MG34 Team
Assault Mechanized Group
Flakvierling Half-track
Vehicle Survival Package
Selects Armored Support Battlegroup
Selects Veteran Gunners
Selects Salvage Kits
Construct Mechanized Kompanie
Marder III Tank Destroyer
Marder III Tank Destroyer
Selects Flammpanzer III Medium Tank
Veteran Squad Leaders
2.5-tonne Medical Truck
Flammpanzer III Medium Tank
Selects Command Panzer IV F Medium Tank
Flammpanzer III Medium Tank
Selects Panzer Storm
Emergency Repair Kits
Selects Stuka Anti-tank Loiter
Marder III Tank Destroyer
Grongolock
Krotesc
0
0
Comments
sign in to comment!
No comments posted yet!